Map: Deathaura LE

Players

A.I. 1 (Elite)

  • Race: Protoss Protoss
  • Spawn Location: 11:00

Furis - Winner!

  • Race: Terran Terran
  • Spawn Location: 5:00

VOD

Have the link to the VOD?

Description

Time

  • Played on: March 23, 2021, 4:50 p.m.
  • Length: 6:40
Show
View Real Time Build Order
Export as new Build Order

A.I. 1 (Elite) Protoss 

Build Orders: Colossus Rush 

Get SALT Encoding   

  12  0:00  Probe  
  13  0:13  Probe  
  14  0:19  Pylon  
  14  0:25  Probe  
  15  0:33  Probe  
  15  0:41  Probe  
  16  0:47  Assimilator  
  17  0:50  Gateway  
  17  0:51  Probe  
  18  0:59  Probe  
  18  1:00  Pylon  
  19  1:07  Probe  
  19  1:17  Probe  
  21  1:30  Probe  
  22  1:37  Zealot  
  24  1:42  Probe  
  25  1:47  Nexus  
  25  1:59  Probe  
  25  2:00  Cybernetics Core  
  26  2:07  Probe  
  26  2:15  Probe  
  28  2:27  Probe  
  28  2:28  Pylon  
  29  2:34  Stalker  
  29  2:36  Warp Gate  
  31  2:39  Gateway  
  31  2:42  Assimilator  
  31  2:46  Probe  
  32  2:55  Pylon  
  32  2:56  Adept  
  32  2:58  Probe  
  33  2:59  Probe  
  36  3:08  Probe  
  36  3:10  Probe  
  38  3:20  Robotics Facility  
  38  3:25  Probe  
  38  3:26  Adept x2  
  43  3:27  Probe  
  44  3:38  Probe  
  44  3:39  Probe  
  46  3:48  Adept  
  46  3:50  Probe  
  46  3:51  Probe  
  48  3:56  Adept  
  48  4:02  Probe  
  53  4:03  Probe  
  53  4:08  Pylon  
  54  4:10  Adept  
  54  4:12  Observer  
  54  4:13  Robotics Bay  
  54  4:14  Probe  
  54  4:15  Probe  
  57  4:20  Robotics Facility  
  59  4:26  Probe  
  59  4:27  Pylon  
  60  4:34  Stalker  
  60  4:36  Probe  
  60  4:38  Probe, Pylon  
  64  4:47  Stalker  
  66  4:58  Gateway  
  66  5:07  Zealot  
  66  5:08  Pylon  
  66  5:10  Zealot  
  70  5:14  Colossus  
  70  5:18  Pylon  
  72  5:23  Adept  
  72  5:25  Adept  
  56  5:38  Zealot  
  48  5:43  Probe x2, Stalker  
  41  5:52  Zealot  
  30  5:58  Probe x2  
  23  6:06  Probe  
  23  6:10  Probe  
  23  6:14  Probe  
  23  6:15  Zealot  
  17  6:22  Probe x2  
Show
View Real Time Build Order
Export as new Build Order

Furis Terran - Winner!

Build Orders:  

Get SALT Encoding   

  12  0:00  SCV  
  13  0:12  SCV  
  14  0:17  Supply Depot  
  14  0:24  SCV  
  15  0:38  SCV  
  15  0:40  Barracks  
  16  0:50  SCV  
  16  0:54  Barracks  
  17  1:02  SCV  
  18  1:07  Supply Depot  
  18  1:14  SCV  
  19  1:29  Marine, Orbital Command  
  20  1:42  Marine  
  21  1:47  Marine  
  22  1:58  Command Center  
  22  2:00  SCV  
  23  2:03  Marine  
  23  2:05  Marine  
  25  2:12  SCV  
  25  2:15  Supply Depot  
  26  2:21  Marine  
  27  2:23  Marine  
  27  2:24  SCV  
  27  2:27  Refinery  
  29  2:31  Refinery  
  29  2:36  SCV  
  30  2:39  Marine  
  30  2:41  Marine  
  32  2:49  SCV  
  33  2:57  Marine  
  34  2:59  Marine  
  34  3:01  SCV, Barracks  
  36  3:11  Orbital Command  
  36  3:13  SCV  
  36  3:17  Barracks Tech Lab x2  
  37  3:25  SCV  
  38  3:36  Stimpack  
  38  3:37  SCV  
  38  3:38  Marauder x2  
  43  3:42  SCV  
  43  3:46  Supply Depot  
  43  3:48  Concussive Shells  
  44  3:49  Marine, SCV  
  46  3:56  Supply Depot, SCV  
  46  3:59  Marauder  
  46  4:01  Marauder, SCV  
  52  4:07  Marine  
  52  4:08  SCV  
  54  4:13  SCV  
  54  4:14  Supply Depot  
  55  4:20  Marauder, SCV  
  55  4:23  Marauder  
  60  4:25  Marine, SCV  
  62  4:32  SCV  
  63  4:40  SCV  
  63  4:42  Marauder  
  63  4:43  Marine  
  63  4:44  SCV, Marauder  
  70  4:46  Supply Depot  
  70  4:52  SCV  
  71  4:55  Command Center  
  71  4:56  Factory  
  71  5:00  Marine  
  71  5:03  Marine  
  71  5:05  Marine  
  74  5:08  SCV x2  
  76  5:20  SCV x2  
  69  5:34  Marine, Marauder x2  
  71  5:51  Marine  
  71  5:55  Marine x2  
  71  6:09  Marine  
  70  6:13  Marauder x2  
  72  6:24  Factory Reactor  
  72  6:30  Starport, Engineering Bay  
  72  6:31  Engineering Bay  
  73  6:35  Barracks  
  73  6:37  Barracks x2  
  73  6:38  Barracks  
Tags
 
Add a new tag
Caveats
  • Supply blocks, unpowered buildings, or Contaminate may cause inaccurate times.
  • Supply counts are checked every 10 seconds.